 Dungeon Crawl Stone Soup version 0.21.1-1-g345015f (webtiles) character file.

95762 vatarom the Markscentaur (level 15, -2/129 HPs)
             Began as a Centaur Arcane Marksman on May 3, 2018.
             Was the Champion of Okawaru.
             Killed from afar by a shock serpent (14 damage)
             ... with a bolt of electricity
             ... on level 1 of the Snake Pit.
             The game lasted 01:01:29 (26045 turns).

vatarom the Markscentaur (Centaur Arcane Marksman) Turns: 26045, Time: 01:01:29

Health: -2/129     AC: 18    Str: 18    XL:     15   Next: 67%
Magic:  34/34      EV: 10    Int: 13    God:    Okawaru [******]
Gold:   1896       SH:  3    Dex: 17    Spells: 21/31 levels left

rFire    + + .     SeeInvis +   K - +3 longbow (velocity)
rCold    . . .     Gourm    .   (shield currently unavailable)
rNeg     . . .     Faith    .   P - +0 robe of Keatisud {rPois rF+ Int-4 Dex+4}
rPois    +         Spirit   .   z - +3 hat of Pondering {ponderous, MR+ MP+10 Int+5}
rElec    .         Reflect  +   l - +0 cloak
rCorr    .         Harm     .   F - +0 pair of gloves
MR       ++...                  X - +1 centaur barding {rF+}
Stlth    +.........             V - +3 amulet of reflection
HPRegen  0.31/turn              C - +6 ring of slaying
MPRegen  0.24/turn              L - ring of see invisible

@: lethally poisoned (-2 -> -2), quick
A: large, hooves 3, molten scales 1, agile 1, deformed body, speed 2, low mp 1,
tough skin 3
a: Heroism, Finesse, Renounce Religion


You were on level 1 of the Snake Pit.
You worshipped Okawaru.
Okawaru was exalted by your worship.
You were not hungry.

You visited 5 branches of the dungeon, and saw 24 of its levels.
You also visited: Bailey.

You collected 2069 gold pieces.
You spent 173 gold pieces at shops.

Inventory:

Hand Weapons
 q - a +1 falchion of holy wrath
 K - a +3 longbow of velocity (weapon)
Missiles
 d - 342 arrows (quivered)
 e - 3 throwing nets
Armour
 l - a +0 cloak (worn)
 z - the +3 hat of Pondering (worn) {ponderous, MR+ MP+10 Int+5}
   (You took it off Gastronok on level 1 of the Lair of Beasts)

   It affects your intelligence (+5).
   It affects your resistance to hostile enchantments.
   It affects your magic capacity (+10).
 F - a +0 pair of gloves (worn)
 P - the +0 robe of Keatisud (worn) {rPois rF+ Int-4 Dex+4}
   (You found it on level 8 of the Dungeon)

   It affects your intelligence (-4).
   It affects your dexterity (+4).
   It protects you from fire.
   It protects you from poison.
 X - a +1 centaur barding of fire resistance (worn)
 Z - +1 pearl dragon scales
Jewellery
 C - a +6 ring of slaying (left hand)
 I - the ring "Nunicsikimn" {rF+ rC+}
   (You found it on level 8 of the Dungeon)

   [ring of protection from cold]

   It protects you from fire.
   It protects you from cold.
 L - a ring of see invisible (right hand)
 T - the ring "Ivinyq" {+Fly AC+5 Stlth+}
   (You found it on level 10 of the Dungeon)

   [ring of protection]

   It affects your AC (+5).
   It lets you fly.
   It makes you more stealthy.
 V - a +3 amulet of reflection (around neck)
Wands
 u - a wand of paralysis (27)
 y - a wand of iceblast (9)
 A - a wand of disintegration (53)
 G - a wand of acid (13)
 H - a wand of flame (27)
 M - a wand of polymorph (17)
Scrolls
 b - 6 scrolls of enchant weapon
 g - 4 scrolls of teleportation
 i - a scroll of summoning
 k - 4 scrolls of amnesia
 m - 4 scrolls of magic mapping
 t - 10 scrolls of remove curse
 w - 2 scrolls of fear
 N - 4 scrolls of enchant armour
 O - 2 scrolls of identify
 S - a scroll of fog
Potions
 a - 2 potions of haste
 h - 2 potions of heal wounds
 j - a potion of magic {unknown}
 n - 2 potions of ambrosia
 o - 9 potions of lignification
 p - a potion of might {unknown}
 v - 4 potions of agility
 x - 2 potions of cancellation
 B - 4 potions of flight {unknown}
 D - 10 potions of curing
 E - a potion of resistance {unknown}
 J - 4 potions of degeneration {unknown}
 W - 2 potions of brilliance
Books
 c - a book of Debilitation

   Spells                             Type                      Level
   a - Corona                         Hexes                        1
   b - Slow                           Hexes                        2
   c - Inner Flame                    Hexes/Fire                   3
   d - Portal Projectile              Hexes/Translocation          3
   e - Cause Fear                     Hexes                        4
   f - Leda's Liquefaction            Hexes/Earth                  4
 r - a book of Geomancy

   Spells                             Type                      Level
   a - Sandblast                      Earth                        1
   b - Passwall                       Transmutation/Earth          2
   c - Stone Arrow                    Conjuration/Earth            3
   d - Petrify                        Transmutation/Earth          4
   e - Lee's Rapid Deconstruction     Earth                        5
 s - a book of Cantrips

   Spells                             Type                      Level
   a - Confusing Touch                Hexes                        1
   b - Animate Skeleton               Necromancy                   1
   c - Summon Small Mammal            Summoning                    1
   d - Apportation                    Translocation                1
 Q - a book of Conjurations

   Spells                             Type                      Level
   a - Magic Dart                     Conjuration                  1
   b - Searing Ray                    Conjuration                  2
   c - Dazzling Spray                 Conjuration/Hexes            3
   d - Fulminant Prism                Conjuration/Hexes            4
   e - Force Lance                    Conjuration/Translocation    4
   f - Iskenderun's Mystic Blast      Conjuration                  4
 U - a book of Frost

   Spells                             Type                      Level
   a - Freeze                         Ice                          1
   b - Throw Frost                    Conjuration/Ice              2
   c - Ozocubu's Armour               Charms/Ice                   3
   d - Throw Icicle                   Conjuration/Ice              4
   e - Summon Ice Beast               Ice/Summoning                4
Miscellaneous
 Y - a phantom mirror
Comestibles
 f - 32 rations


   Skills:
 - Level 11.0 Fighting
 + Level 17.0 Bows
 * Level 6.4 Armour
 - Level 4.2 Dodging
 - Level 8.5 Spellcasting
 - Level 10.0 Hexes
 - Level 5.2 Translocations
 - Level 10.6 Invocations
 * Level 8.0 Evocations


You had 21 spell levels left.
You knew the following spells:

 Your Spells              Type           Power        Failure   Level  Hunger
a - Corona                Hex            ####...      1%          1    None
b - Slow                  Hex            ####....     1%          2    None
c - Portal Projectile     Hex/Tloc       ####..       1%          3    ##.....
d - Cause Fear            Hex            ####......   1%          4    ####...


Dungeon Overview and Level Annotations

Branches:
Dungeon (15/15)            Temple (1/1) D:7            Lair (6/6) D:11
  Swamp (0/4) Lair:3        Snake (1/4) Lair:2        Slime (0/5) Lair:5
    Orc (1/2) D:10         Vaults (0/5) D:13         Depths (0/5) D:15

Altars:
Ashenzari
Cheibriados
Dithmenos
Elyvilon
Fedhas
Gozag
Hepliaklqana
Kikubaaqudgha
Makhleb
Nemelex Xobeh
Okawaru
Qazlal
Ru
Sif Muna
Trog
Uskayaw
Vehumet
Wu Jian
Xom
Yredelemnul
Zin
The Shining One
Jiyva

Shops:
D:4 (   D:10 =*(

Annotations:
D:2 1 runed door
D:14 exclusion: Roxanne, Roxanne
Snake:1 Aizul
Orc:1 Ilphrin's ghost, journeyman HOBe


Innate Abilities, Weirdness & Mutations

You have hooves in place of feet.
Armour fits poorly on your strangely shaped body.
You cover ground very quickly.
You have extremely tough skin. (AC +3)
You are partially covered in molten scales. (AC +2)
You are agile. (Dex +2)
Your magical capacity is low. (-10% MP)


Message History

You feel strangely unstable. Aizul casts a spell at you.
The bolt of poison hits you! You resist.
* * * LOW HITPOINT WARNING * * *
Aizul hisses menacingly.
Aizul coils herself and waves her upper body at you.
You resist with some effort.
You feel sick.
Aizul coils herself and waves her upper body at you.
You fall asleep.
Aizul coils herself and waves her upper body at you.
The bolt of poison hits you! You resist.
You wake up.
* * * LOW HITPOINT WARNING * * *
Unknown command.
Your surroundings suddenly seem different.
A shock serpent comes into view.
The shock serpent hisses angrily.
The shock serpent shoots out a bolt of lightning at you!
The bolt of electricity hits you!
You die...

#.# # #.# #.#.#
#.#.################
#..>................
###.####...#########
##..........#
#[...###....# .#
#####..)@# #........ ##.
#...<)...# #...####. ..
#.####'#.# #...####.#.###
##.####S#.# #..... .......
#.......#.###..######..###
#########..............[..
##.##...........##
#.#..#.###.......
#.#....#.......#.


You could see a shock serpent.

Vanquished Creatures
  Rupert (D:13)
  Gastronok (Lair:1)
  Nessos (D:12)
  The ghost of Mirai the Unseen, a journeyman KoEn of Okawaru (Orc:1)
  Azrael (D:14)
  The ghost of buskinjo the Sharpshooter, a journeyman KoHu of Okawaru (Lair:5)
  A fire dragon (D:15)
  A naga warrior (Snake:1)
  Erolcha (D:12)
  7 centaur warriors
  4 hydras
  3 catoblepae
  An ogre mage (D:15)
  Erica (Lair:2)
  A death knight (D:11)
  2 tengu warriors (D:15)
  10 death yaks (Lair:6)
  13 two-headed ogres
  A deep troll shaman (Lair:6)
  An orc high priest (Orc:1)
  A shock serpent (Snake:1)
  A fire crab (Lair:5)
  Sonja (Lair:2)
  3 unseen horrors
  A wizard (D:15)
  A lindwurm (Lair:6)
  2 orc knights
  A wolf spider zombie (D:15)
  2 deep elf magi
  4 mana vipers (Snake:1)
  2 salamanders (Snake:1)
  2 ugly things
  2 orc sorcerers (D:15)
  A cyclops (D:11)
  4 manticores
  11 elephants
  12 black mambas
  A naga mage (Snake:1)
  A guardian serpent (Snake:1)
  2 centaur zombies
  2 centaur skeletons
  2 torpor snails (Lair:4)
  10 spiny frogs
  2 gargoyles
  2 rime drakes (Lair:6)
  A yaktaur (D:13)
  3 komodo dragons
  A freezing wraith (D:11)
  The ghost of Kairos the Chopper, an amateur DDMo (D:4)
  5 trolls
  3 polar bears (Lair:6)
  4 dream sheep (Lair:5)
  A hornet (D:13)
  11 slime creatures
  8 hippogriffs
  7 blink frogs (Lair:4)
  A spriggan (Lair:2)
  A shadow (D:14)
  3 fire elementals (D:14)
  22 yaks
  A wyvern (D:11)
  A basilisk (D:11)
  2 wraiths (D:11)
  3 fire bats (Lair:6)
  16 humans
  3 hungry ghosts
  3 vampire mosquitoes (D:14)
  A warg (D:10)
  8 nagas
  An acid dragon (D:11)
  2 hell hounds (D:14)
  11 porcupines
  7 water moccasins
  5 sky beasts
  A hornet zombie (D:9)
  23 orc warriors
  2 ice beasts
  A black bear (D:6)
  A necrophage (D:9)
  An eye of draining (D:13)
  5 phantoms
  19 wolves
  11 ogres
  21 centaurs
  12 crocodiles
  2 big kobolds
  15 bullfrogs
  10 scorpions
  8 killer bees
  7 howler monkeys
  3 electric eels (Lair:6)
  4 wights (D:7)
  7 crimson imps
  A bullfrog zombie (D:12)
  A quasit (D:7)
  4 jellies
  6 orc priests
  3 hounds
  A gnoll shaman (D:4)
  2 bullfrog skeletons
  3 iguanas
  14 orc wizards
  Terence (D:2)
  6 hell rats
  7 worker ants
  2 hound zombies
  A worker ant zombie (D:10)
  16 gnolls
  6 adders
  4 shadow imps
  An ooze (D:2)
  An adder zombie (D:8)
  An adder skeleton (D:4)
  2 worms
  A dart slug (D:4)
  2 leopard geckos
  70 orcs
  4 bats
  5 giant cockroaches
  9 goblins
  2 hobgoblins (D:1)
  2 jackals (D:2)
  4 quokkas
  3 frilled lizards
  12 kobolds
  9 rats
621 creatures vanquished.

Vanquished Creatures (others)
  10 fungi
  4 plants
14 creatures vanquished.

Grand Total: 635 creatures vanquished

Notes
Turn   | Place    | Note
-------+----------+-------------------------------------------
     0 | D:1      | vatarom the Centaur Arcane Marksman began the quest for the Orb.
     0 | D:1      | Reached XP level 1. HP: 16/16 MP: 2/2
   210 | D:1      | Reached skill level 3 in Bows
   324 | D:1      | Reached XP level 2. HP: 23/23 MP: 3/3
   345 | D:1      | Learned a level 2 spell: Slow
   810 | D:2      | Reached skill level 4 in Bows
   810 | D:2      | Reached XP level 3. HP: 22/29 MP: 4/4
   929 | D:2      | Noticed Terence
   988 | D:2      | Killed Terence
  1083 | D:2      | Reached XP level 4. HP: 36/36 MP: 5/5
  1318 | D:2      | Found a runed door.
  1373 | D:2      | Found a sacrificial altar of Ru.
  1537 | D:2      | Noticed a sky beast
  1743 | D:2      | Killed a sky beast
  1743 | D:2      | Reached skill level 5 in Bows
  1743 | D:2      | Reached XP level 5. HP: 18/42 MP: 2/6
  1938 | D:2      | Learned a level 3 spell: Portal Projectile
  1978 | D:2      | Gained mutation: Your magical capacity is low. (-10% MP) [potion of mutation]
  1978 | D:2      | Gained mutation: You are agile. (Dex +2) [potion of mutation]
  1978 | D:2      | Gained mutation: You are partially covered in molten scales. (AC +2) [potion of mutation]
  2943 | D:4      | Reached skill level 1 in Translocations
  2953 | D:4      | Noticed Kairos's ghost (amateur DDMo)
  2999 | D:4      | Reached skill level 6 in Bows
  3220 | D:4      | Found Qeusor's Weapon Shop.
  3294 | D:4      | Reached XP level 6. HP: 40/50 MP: 6/6
  3526 | D:4      | Noticed a hungry ghost
  3617 | D:4      | Killed a hungry ghost
  3626 | D:4      | Reached skill level 7 in Bows
  3626 | D:4      | Reached XP level 7. HP: 57/57 MP: 7/7
  3667 | D:4      | Killed Kairos's ghost
  4033 | D:5      | Entered Level 5 of the Dungeon
  4370 | D:5      | Reached skill level 8 in Bows
  4488 | D:4      | Reached XP level 8. HP: 42/66 MP: 5/8
  5457 | D:6      | Reached skill level 9 in Bows
  5582 | D:6      | Reached skill level 5 in Hexes
  5648 | D:6      | Reached skill level 5 in Translocations
  6280 | D:7      | Reached skill level 5 in Fighting
  6280 | D:7      | Reached XP level 9. HP: 73/74 MP: 2/9
  6493 | D:7      | Reached skill level 10 in Bows
  6614 | D:7      | Found a staircase to the Ecumenical Temple.
  6653 | D:7      | Found a faded altar of an unknown god.
  6660 | Temple   | Entered the Ecumenical Temple
  6694 | Temple   | Became a worshipper of Warmaster Okawaru
  7275 | D:8      | Got a bound granite ring
  7278 | D:8      | Identified the ring "Nunicsikimn" {rF+ rC+} (You found it on level 8 of the Dungeon)
  7299 | D:8      | Reached skill level 1 in Invocations
  7708 | D:8      | Noticed a two-headed ogre
  7722 | D:8      | Killed a two-headed ogre
  7722 | D:8      | Reached * piety under Okawaru
  7722 | D:8      | Reached skill level 11 in Bows
  7806 | D:8      | Got a smoking robe
  8346 | D:9      | Identified the cursed +0 robe of Keatisud {rPois rF+ Int-4 Dex+4} (You found it on level 8 of the Dungeon)
  8464 | D:9      | Reached XP level 10. HP: 83/83 MP: 11/11
  9055 | D:10     | Entered Level 10 of the Dungeon
  9062 | D:10     | Found Sumn's Weapon Boutique.
  9073 | D:10     | Bought a +1 shortbow of flaming for 173 gold pieces
  9087 | D:10     | Found Zokhly's General Store.
  9089 | D:10     | Noticed a two-headed ogre
  9129 | D:10     | Killed a two-headed ogre
  9129 | D:10     | Reached ** piety under Okawaru
  9129 | D:10     | Reached skill level 12 in Bows
  9169 | D:10     | Found Diasek's Armour Emporium.
  9176 | D:10     | Got an encrusted large shield
  9252 | D:10     | Found a staircase to the Orcish Mines.
  9320 | D:10     | Found Doclin's Jewellery Emporium.
  9357 | D:10     | Noticed a two-headed ogre
  9362 | D:10     | Killed a two-headed ogre
  9362 | D:10     | Reached *** piety under Okawaru
  9548 | D:10     | Reached skill level 13 in Bows
  9548 | D:10     | Reached skill level 5 in Invocations
  9576 | D:10     | Noticed a two-headed ogre
  9582 | D:10     | Killed a two-headed ogre
  9582 | D:10     | Reached **** piety under Okawaru
  9623 | D:10     | Got a sparkling lead ring
  9969 | D:10     | Identified the ring "Ivinyq" {+Fly AC+5 Stlth+} (You found it on level 10 of the Dungeon)
  9995 | D:10     | Learned a level 4 spell: Cause Fear
 10089 | D:11     | Noticed an unseen horror
 10092 | D:11     | Killed an unseen horror
 10092 | D:11     | Reached XP level 11. HP: 81/92 MP: 10/13
 10189 | D:11     | Reached ***** piety under Okawaru
 10213 | D:11     | Noticed a two-headed ogre
 10217 | D:11     | Noticed a white ugly thing
 10221 | D:11     | Killed a two-headed ogre
 10221 | D:11     | Received a gift from Okawaru
 10266 | D:11     | Killed a white ugly thing
 10266 | D:11     | Reached skill level 14 in Bows
 10644 | D:11     | Received a gift from Okawaru
 10645 | D:11     | Got a faintly glowing hat {god gift}
 10656 | D:11     | Identified the +3 hat "Cohe" {Dex+3} (Okawaru gifted it to you on level 11 of the Dungeon)
 10656 | D:11     | Found a staircase to the Lair.
 10662 | D:11     | Noticed a two-headed ogre
 10717 | D:11     | Killed a two-headed ogre
 11074 | D:11     | Identified the +8 large shield of the Trout {rPois rC- Regen+ Dex+4 Stlth+} (You found it on level 10 of the Dungeon)
 11107 | D:11     | Noticed a death knight
 11124 | D:11     | Killed a death knight
 11353 | Lair:1   | Entered Level 1 of the Lair of Beasts
 11612 | Lair:1   | Reached XP level 12. HP: 84/103 MP: 12/16
 11808 | Lair:1   | Got a faintly glowing chain mail
 11820 | Lair:1   | Identified the +4 chain mail "Itteduh" {rElec MR- MP+9 Int+6} (You found it on level 1 of the Lair of Beasts)
 11833 | Lair:1   | Noticed Gastronok
 11851 | Lair:1   | Killed Gastronok
 11851 | Lair:1   | Received a gift from Okawaru
 12022 | Lair:1   | Received a gift from Okawaru
 12022 | Lair:1   | Reached skill level 5 in Spellcasting
 12435 | Lair:2   | Noticed Sonja
 12455 | Lair:2   | Killed Sonja
 12455 | Lair:2   | Received a gift from Okawaru
 12546 | Lair:2   | Found a staircase to the Snake Pit.
 12923 | Lair:2   | Noticed Erica
 12946 | Lair:2   | Killed Erica
 12946 | Lair:2   | Reached ****** piety under Okawaru
 12983 | Lair:2   | Received a gift from Okawaru
 13422 | Lair:3   | Found a staircase to the Swamp.
 14201 | Lair:4   | Noticed an eight-headed hydra
 14551 | Lair:4   | Killed an eight-headed hydra
 14567 | Lair:4   | Reached XP level 13. HP: 113/113 MP: 20/20
 14755 | Lair:4   | Reached skill level 10 in Fighting
 15148 | Lair:4   | Received a gift from Okawaru
 15395 | Lair:5   | Noticed buskinjo's ghost (journeyman KoHu)
 15469 | Lair:5   | Killed buskinjo's ghost
 16199 | Lair:5   | Found a viscous altar of Jiyva.
 16199 | Lair:5   | Found a staircase to the Slime Pits.
 16480 | Lair:5   | Reached skill level 10 in Hexes
 16631 | Lair:6   | Entered Level 6 of the Lair of Beasts
 16659 | Lair:6   | Reached skill level 15 in Bows
 16788 | Lair:6   | Reached skill level 10 in Invocations
 17000 | Lair:6   | Received a gift from Okawaru
 17951 | Lair:6   | Reached XP level 14. HP: 122/122 MP: 23/23
 18476 | Lair:6   | Identified a scroll of acquirement
 18812 | D:12     | Noticed Erolcha
 18816 | D:12     | Killed Erolcha
 18891 | D:12     | Noticed Nessos
 18894 | D:12     | Killed Nessos
 19464 | D:12     | Found a flagged portal.
 19472 | Bailey   | Entered a bailey
 19716 | Bailey   | Reached skill level 1 in Evocations
 20372 | D:13     | Found a gate to the Vaults.
 20372 | D:13     | Noticed Rupert
 20454 | D:13     | Received a gift from Okawaru
 20759 | D:13     | Reached skill level 1 in Armour
 21084 | D:13     | Killed Rupert
 21224 | D:13     | Reached skill level 16 in Bows
 21590 | D:13     | Received a gift from Okawaru
 21885 | D:14     | Noticed Roxanne
 21924 | D:14     | Reached skill level 5 in Evocations
 21979 | D:14     | Noticed Azrael
 21990 | D:14     | Killed Azrael
 22004 | D:14     | Received a gift from Okawaru
 22202 | D:14     | Reached XP level 15. HP: 129/129 MP: 24/24
 22818 | D:15     | Entered Level 15 of the Dungeon
 23076 | D:15     | Reached skill level 5 in Armour
 23114 | D:15     | Found a staircase to the Depths.
 24091 | Orc:1    | Entered Level 1 of the Orcish Mines
 24110 | Orc:1    | Received a gift from Okawaru
 24241 | Orc:1    | Noticed Mirai's ghost (journeyman KoEn)
 24258 | Orc:1    | Killed Mirai's ghost
 24346 | Orc:1    | Found a burning altar of Makhleb.
 24429 | Orc:1    | Noticed Ilphrin's ghost (journeyman HOBe)
 25429 | Snake:1  | Entered Level 1 of the Snake Pit
 25938 | Snake:1  | Reached skill level 17 in Bows
 26042 | Snake:1  | Noticed Aizul
 26045 | Snake:1  | Killed from afar by a shock serpent

Skill      XL: |  1  2  3  4  5  6  7  8  9 10 11 12 13 14 15 |
---------------+----------------------------------------------+-----
Bows           | 3 4 5 6 7 8 9 11 13 14 15 16 17 | 17.0
Hexes          | 3 4 5 6 7 8 9 10 | 10.0
Fighting       | 2 3 4 5 6 7 8 9 10 11 | 11.0
Translocations | 1 2 3 5 |  5.2
Invocations    | 3 5 7 9 10 | 10.6
Spellcasting   | 4 6 8 |  8.5
Dodging        | 3 4 |  4.2
Evocations     | 5 8 |  8.0
Armour         | 4 6 |  6.4

Action                   |  1- 3 |  4- 6 |  7- 9 | 10-12 | 13-15 || total
-------------------------+-------+-------+-------+-------+-------++-------
Melee: Shortbow          |       |       |     1 |       |       ||     1
 Fire: Shortbow          |   122 |   237 |   437 |   657 |   539 ||  1992
       Longbow           |       |       |       |       |   777 ||   777
 Cast: Slow              |     2 |       |     8 |     6 |     9 ||    25
       Corona            |     1 |    16 |     4 |     1 |     2 ||    24
       Portal Projectile |       |     2 |     4 |    15 |    31 ||    52
       Cause Fear        |       |       |       |     2 |    13 ||    15
Invok: Finesse           |       |       |       |       |     5 ||     5
       Heroism           |       |       |       |       |     2 ||     2
Evoke: Wand              |       |     3 |     4 |     1 |    18 ||    26
  Use: Potion            |       |     3 |       |       |     3 ||     6
       Scroll            |       |     7 |     7 |    16 |    16 ||    46
  Eat: Ration            |       |     2 |     5 |     3 |     9 ||    19
       Chunk             |       |       |     1 |     8 |     1 ||    10
Armor: Robe              |    25 |    50 |    18 |    62 |   135 ||   290
       Leather armour    |       |       |    61 |       |       ||    61
       Pearl dragon scal |       |       |       |       |   123 ||   123
Dodge: Dodged            |    23 |    33 |    61 |    66 |   148 ||   331
Block: Other             |       |       |       |       |    12 ||    12
       Reflection        |       |       |       |       |     2 ||     2
